 Dungeon Crawl Stone Soup version 0.26-a0-597-gb535b0901c (webtiles) character file.

Game seed: 2752070265562582098

256 HoaS the Shield-Bearer (level 6, 0/47 HPs)
             Began as a Formicid Fighter on Sept 5, 2020.
             Slain by a bullfrog (2 damage)
             ... in a sewer.
             The game lasted 00:06:31 (3113 turns).

HoaS the Shield-Bearer (Formicid Fighter)           Turns: 3113, Time: 00:06:32

Health: 0/47       AC:  9    Str: 22    XL:     6   Next: 38%
Magic:  6/6        EV:  6    Int:  8    God:
Gold:   128        SH: 11    Dex: 10    Spells: 5/5 levels left

rFire    . . .     SeeInvis +   a - +0 quarterstaff
rCold    . . .     Faith    .   c - +1 kite shield
rNeg     . . .     Spirit   .   h - +0 chain mail
rPois    .         Reflect  .   (helmet unavailable)
rElec    .         Harm     .   (no cloak)
rCorr    .                      (no gloves)
MR       .....                  (no boots)
Stlth    ..........             (no amulet)
HPRegen  0.15/turn              f - ring of flight
MPRegen  0.10/turn              (no ring)

@: no status effects
A: permanent stasis, dig shafts and tunnels, four strong arms, antennae 3
a: Dig, Shaft Self, Evoke Flight


You were in a sewer.
You visited 1 branch of the dungeon, and saw 4 of its levels.
You also visited: Sewer.

You collected 128 gold pieces.

Inventory:

Hand Weapons
 a - a +0 quarterstaff (weapon)
Armour
 c - a +1 kite shield (worn)
 h - a +0 chain mail (worn)
Jewellery
 f - a ring of flight (left hand)
 i - a +6 ring of strength {unknown}
 l - an uncursed ring of resist corrosion {unknown}
 m - an uncursed ring of ice {unknown}
Wands
 k - a wand of flame (16)
 o - a wand of paralysis (9)
Scrolls
 j - 2 scrolls of fear
 p - 2 scrolls of fog
 q - a scroll of magic mapping
Potions
 b - a potion of haste {unknown}
 d - 3 potions of heal wounds {unknown}
 e - a potion of curing {unknown}
 g - a potion of degeneration {unknown}
 n - 2 potions of magic {unknown}


   Skills:
 - Level 3.2 Fighting
 * Level 5.2 Staves
 - Level 3.2 Armour
 + Level 5.4 Shields


You had 5 spell levels left.
You didn't know any spells.
Your spell library contained the following spells:

 Spells                   Type           Power        Failure   Level
 Confusing Touch          Hex            #.......     100%        3
 Gell's Gravitas          Tloc           #.........   100%        3
 Petrify                  Tmut/Erth      #.......     100%        4
 Metabolic Englaciation   Hex/Ice        #.........   100%        5
 Yara's Violent Unravell  Hex/Tmut       #.........   100%        5


Dungeon Overview and Level Annotations

Branches:
Dungeon (4/15)             Temple (0/1) D:4           Sewer (1/1)

Altars:


Innate Abilities, Weirdness & Mutations

You cannot be hasted, slowed, berserked, paralysed or teleported.
You can dig through walls and to a lower floor.
Your four strong arms can wield two-handed weapons with a shield.
You have a pair of large antennae on your head. (SInv)


Message History

* * * LOW HITPOINT WARNING * * *
The bullfrog hits you but does no damage.
The adder bites you but does no damage.
The ball python bites you but does no damage.
You block the adder's attack. The ball python barely misses you.
The ball python constricts you. You block the bullfrog's attack. x2
You escape the ball python's grasp.
You block the bullfrog's attack. The adder bites you but does no damage.
You block the ball python's attack. The ball python grabs you.
The ball python constricts you. You block the adder's attack.
The adder bites you but does no damage. You block the bullfrog's attack.
The bullfrog hits you but does no damage.
The ball python bites you but does no damage.
The ball python constricts you.
You escape the ball python's grasp.
The adder bites you but does no damage.
You block the bullfrog's attack. x2; The adder barely misses you.
The frilled lizard bites you but does no damage.
The bullfrog releases a deep croak.
You block the bullfrog's attack. The bullfrog hits you.
You die...

#################
≈≈≈≈≈≈≈≈≈≈≈≈≈≈#.###
≈≈#≈..≈≈≈≈≈≈≈≈S..##
≈≈≈≈≈≈≈≈≈≈≈≈≈≈SlS..#
≈≈≈≈≈≈≈≈≈≈≈≈JlSF@..#
≈≈≈≈≈≈≈≈≈≈≈≈≈≈SF...##
≈≈≈≈≈≈≈≈≈≈≈≈≈≈#.....#
################....#
####...## #..#....#
#.?'....# #####...#
##...##


You could see 2 bullfrogs, an ooze, 2 adders, 3 ball pythons and 2 frilled
lizards.

Vanquished Creatures
  3 gnolls (D:2)
  4 adders
  9 river rats
  An ooze (D:4)
  3 worms
  3 dart slugs
  A leopard gecko (D:3)
  2 orcs (D:3)
  3 giant cockroaches
  6 goblins
  9 hobgoblins
  3 jackals (D:2)
  A quokka (D:3)
  8 ball pythons
  6 bats
  9 frilled lizards
  9 kobolds
  29 rats
109 creatures vanquished.

Notes
Turn   | Place    | Note
-------+----------+-------------------------------------------
     0 | D:1      | HoaS the Formicid Fighter began the quest for the Orb.
     0 | D:1      | Reached XP level 1. HP: 18/18 MP: 1/1
   124 | D:1      | Reached XP level 2. HP: 23/24 MP: 2/2
   425 | D:1      | Reached XP level 3. HP: 29/29 MP: 3/3
  1122 | D:2      | Reached XP level 4. HP: 35/35 MP: 4/4
  1881 | D:3      | Reached XP level 5. HP: 41/41 MP: 5/5
  2291 | D:4      | Found a staircase to the Ecumenical Temple.
  2348 | D:4      | Reached skill level 5 in Shields
  2527 | D:4      | Found a glowing drain.
  2532 | Sewer    | Entered a sewer
  2777 | Sewer    | Reached XP level 6. HP: 25/47 MP: 6/6
  2897 | Sewer    | Reached skill level 5 in Staves
  3110 | Sewer    | HP: 1/47 [bullfrog (5)]
  3113 | Sewer    | Slain by a bullfrog

Illustrated notes

Levels and vault maps discovered:
D:1:      ebering_trefoil_3fold, layout_basic, serial_rivers,
          chequers_serial_rivers_micro_e, chequers_serial_rivers_room_a,
          chequers_serial_rivers_micro_c, chequers_serial_rivers_micro_a,
          chequers_serial_rivers_micro_a, chequers_serial_rivers_micro_b
D:2:      layout_rooms
D:3:      layout_loops_cross, hex_medium
D:4:      layout_loops_corners, grunt_temple_overflow_cloverleaf,
          temple_statues, lightli_sewer_entry_pipes, chequers_avenue
Sewer:    sewer_minmay_w

Skill      XL: |  1  2  3  4  5  6 |
---------------+-------------------+-----
Shields        | 4 5 |  5.4
Staves         | 3 4 5 |  5.2
Fighting       | |  3.2
Armour         | |  3.2

Action                   |  1- 3 |  4- 6 || total
-------------------------+-------+-------++-------
Melee: Quarterstaff      |    83 |   256 ||   339
 Abil: Dig               |     2 |     2 ||     4
  Use: Scroll            |     3 |     4 ||     7
       Potion            |       |     1 ||     1
Armor: Scale mail        |     6 |       ||     6
       Chain mail        |    31 |   116 ||   147
Dodge: Dodged            |    22 |    72 ||    94
Block: Kite shield       |    43 |   156 ||   199

Table legend: (Time is in decaauts)
 A = Elapsed time spent in this place.
 B = Non-inter-level travel time spent in this place.
 C = Inter-level travel time spent in this place.
 D = Time resting spent in this place.
 E = Time spent auto-exploring this place.
 F = Levels seen in this place.
 G = Mean time per level.
                   A        B        C        D        E       F      G
               +--------+--------+--------+--------+--------+-----+--------+
         Total |   3239 |   3185 |     54 |    632 |   1643 |   5 |  647.8 |
       Dungeon |   2593 |   2539 |     54 |    422 |   1484 |   4 |  648.2 |
         Sewer |    646 |    646 |      0 |    210 |    159 |   1 |  646.0 |
               +--------+--------+--------+--------+--------+-----+--------+

Top non-repeatable levels by time:
     D:1: 945 daAuts
     D:2: 739 daAuts
   Sewer: 646 daAuts
     D:3: 587 daAuts
     D:4: 320 daAuts
